 Dungeon Crawl Stone Soup version 0.31.0-11-ge490571c62 (webtiles) character file.

Game seed: 1835882906758760438

70 qw the Shooter (level 4, 0/25 HPs)
             Began as a Deep Elf Hunter on Feb 5, 2024.
             Slain by a sky beast (5 damage)
             ... on level 3 of the Dungeon.
             The game lasted 00:00:26 (1757 turns).

qw the Shooter (Deep Elf Hunter)                    Turns: 1757, Time: 00:00:26

Health: 0/25       AC:  8    Str: 10    XL:     4   Next: 4%
Magic:  6/6        EV: 11    Int: 14    God:
Gold:   146        SH:  0    Dex: 18    Spells: 3/3 levels left

rFire   . . .        a - +1 shortbow
rCold   . . .        (shield currently unavailable)
rNeg    . . .        h - +3 ring mail
rPois   .            (no helmet)
rElec   .            (no cloak)
rCorr   .            (no gloves)
SInv    .            (no boots)
Will    .....        (no amulet)
Stlth   +            (no ring)
HPRegen 0.24/turn    (no ring)
MPRegen 0.10/turn

%: no passive effects
@: no status effects
A: no striking features
a: no special abilities


You were on level 3 of the Dungeon.
You visited 1 branch of the dungeon, and saw 3 of its levels.

You collected 146 gold pieces.


   Skills:
 - Level 1.5 Fighting
 + Level 7.4 Ranged Weapons
 - Level 2.4 Dodging
 - Level 1.2 Stealth


You had 3 spell levels left.
You didn't know any spells.
Your spell library was empty.

Inventory:

Hand Weapons
 a - a +1 shortbow (weapon)
Armour
 h - a +3 ring mail (worn)
Potions
 b - a potion of lignification {unknown}
 e - a potion of ambrosia {unknown}
 g - a potion of curing

Dungeon Overview and Level Annotations

Branches:
Dungeon (3/15)

Altars:

Annotations:
D:1 2 runed translucent doors


Message History

You shoot an arrow. You shoot an arrow. You shoot an arrow. You shoot an arrow.
A sky beast appears from thin air!
Reactivating autopickup.
You shoot an arrow. The arrow hits the sky beast.
The sky beast is moderately wounded.
The sky beast hits you but does no damage.
You shoot an arrow.
The arrow completely misses the sky beast.
The sky beast completely misses you.
You shoot an arrow.
The arrow hits the sky beast but does no damage.
The sky beast is moderately wounded.
The sky beast hits you. The sky beast shocks you.
You shoot an arrow.
The arrow hits the sky beast but does no damage.
The sky beast is moderately wounded.
The sky beast hits you but does no damage.
You shoot an arrow.
The arrow completely misses the sky beast.
The sky beast closely misses you.
You shoot an arrow. The arrow hits the sky beast.
The sky beast is moderately wounded.
The sky beast hits you but does no damage.
You shoot an arrow. The arrow closely misses the sky beast.
The sky beast hits you. The sky beast shocks you.
You shoot an arrow. The arrow hits the sky beast.
The sky beast is moderately wounded.
The sky beast hits you but does no damage.
The sky beast barely misses you.
You shoot an arrow. The arrow hits the sky beast.
The sky beast is moderately wounded.
The sky beast flickers out of sight!
Deactivating autopickup; reactivate with Ctrl-A.
Something hits you but does no damage.
You shoot an arrow. Something hits you. Something shocks you.
You die...

#.# #..#.# #.# #.#
####.# #.# ..# #.# #.#
###### #.# #.# .......
#.# #.# ....### #.# #.#
.#########.# #.#
...........####.########
#.#########.....@{......
#.......................
.#.####.###.###.#.......
.#.##. ...#.# #.#.######
...##.##..#.# #.#.#
......#<..#.# #.#.#
...#..#...#.# #.#.#
..##..#...#.# #(#.#
..##.(#...#


There were no monsters in sight!

Vanquished Creatures
  4 adders (D:2)
  A ribbon worm (D:2)
  A ball python (D:1)
  6 bats
  4 endoplasms
  2 giant cockroaches
  2 hobgoblins
  4 kobolds
  A quokka (D:3)
  A frilled lizard (D:3)
  4 goblins
  3 rats
33 creatures vanquished.

Notes
Turn   | Place    | Note
-------+----------+-------------------------------------------
     0 | D:1      | qw the Deep Elf Hunter began the quest for the Orb.
     0 | D:1      | Reached XP level 1. HP: 12/12 MP: 3/3
     0 | D:1      | 0 ||| qw: Version: 0.3-a-160-g6735b56
     0 | D:1      | 0 ||| qw: Game counter: 6465
     0 | D:1      | 0 ||| qw: Melee chars always use a shield: true
     0 | D:1      | 0 ||| qw: God list: Okawaru
     0 | D:1      | 0 ||| qw: Allow faded altars: false
     0 | D:1      | 0 ||| qw: Do Orc after clearing Dungeon:15 true
     0 | D:1      | 0 ||| qw: Do second Lair branch before Depths: true
     0 | D:1      | 0 ||| qw: Lair rune preference: random
     0 | D:1      | 0 ||| qw: Goals: Normal
     0 | D:1      | 0 ||| PLANNING D:1-11
    78 | D:1      | Found a large runed translucent door.
    78 | D:1      | Found a large runed translucent door.
    86 | D:1      | Noticed a troll
   210 | D:1      | Reached XP level 2. HP: 16/16 MP: 4/4
   246 | D:1      | Reached skill level 6 in Ranged Weapons
   768 | D:1      | 768 ||| READING scroll labelled PIMA YTUER.
   768 | D:1      | 768 ||| ENCHANTING +0 shortbow.
   769 | D:1      | 769 ||| DRINKING 2 bubbling pink potions.
   770 | D:1      | 770 ||| DROPPING scroll of butterflies.
   771 | D:1      | 771 ||| DROPPING potion of magic.
   935 | D:2      | Reached XP level 3. HP: 20/20 MP: 5/5
  1317 | D:2      | Reached skill level 7 in Ranged Weapons
  1604 | D:2      | 1604 ||| UPGRADING to +0 ring mail.
  1614 | D:2      | 1614 ||| DROPPING +0 leather armour.
  1615 | D:2      | 1615 ||| READING scroll labelled ASKAPI YSKAIS.
  1616 | D:2      | 1616 ||| READING 3 scrolls labelled UFIDDE LAMUOF.
  1616 | D:2      | 1616 ||| ENCHANTING +0 ring mail.
  1617 | D:2      | 1617 ||| READING 2 scrolls of enchant armour.
  1617 | D:2      | 1617 ||| ENCHANTING +1 ring mail.
  1618 | D:2      | 1618 ||| READING scroll of enchant armour.
  1618 | D:2      | 1618 ||| ENCHANTING +2 ring mail.
  1619 | D:2      | 1619 ||| DRINKING 2 cyan potions.
  1664 | D:3      | Reached XP level 4. HP: 25/25 MP: 6/6
  1743 | D:3      | Noticed a sky beast
  1757 | D:3      | HP: 5/25 [something (4)]
  1757 | D:3      | Slain by a sky beast

Levels and vault maps discovered:
D:1:      erik_arrival_cave_to_civilisation [erik_arrival_cave_to_temple],
          layout_basic
D:2:      layout_basic
D:3:      layout_basic

Skill      XL: |  1  2  3 |
---------------+----------+-----
Ranged Weapons | 6 7 |  7.4
Fighting       | |  1.5
Dodging        | |  2.4
Stealth        | |  1.2

Action                     |  1- 3 |  4- 6 || total
---------------------------+-------+-------++-------
   Fire: Shortbow          |    68 |    19 ||    87
    Use: Scroll            |     5 |       ||     5
         Potion            |     2 |       ||     2
 Armour: Leather armour    |     7 |       ||     7
         Ring mail         |       |     8 ||     8
  Dodge: Dodged            |     8 |     3 ||    11

Table legend:
 A = Non-vault XP
 B = Vault XP
 C = Vault XP percentage of total XP
 D = Non-vault monster count
 E = Vault monster count
 F = Vault count percentage of total count
                 A         B        C        D         E       F
            +---------+---------+-------+---------+---------+-------
      Total |      97 |       4 |   4.0 |      31 |       2 |   6.1
            +---------+---------+-------+---------+---------+-------
        D:1 |      18 |       4 |  18.2 |      11 |       2 |  15.4
        D:2 |      73 |       0 |   0.0 |      16 |       0 |   0.0
        D:3 |       6 |       0 |   0.0 |       4 |       0 |   0.0
            +---------+---------+-------+---------+---------+-------
